 Dungeon Crawl Stone Soup version 0.13-a0-3104-gb5885e9 (webtiles) character file.

357 Malachi the Chiller (level 5, -5/42 HPs)
             Began as a Naga Ice Elementalist on Sept 19, 2013.
             Slain by wvc's ghost (9 damage)
             ... on Level 4 of the Dungeon.
             The game lasted 00:08:55 (2676 turns).

Malachi the Chiller (Naga Ice Elementalist)         Turns: 2676, Time: 00:08:55

HP  -5/42        AC  2     Str 11      XL: 5   Next: 29%
MP   1/9         EV 10     Int 16      God:
Gold 210         SH  0     Dex 11      Spells:  1 memorised,  7 levels left

Res.Fire  : . . .   See Invis. : +   k - +2,+1 elf short sword
Res.Cold  : . . .   Warding    : .   a - +0 robe
Life Prot.: . . .   Conserve   : .   (no shield)
Res.Poison: +       Res.Corr.  : .   (no helmet)
Res.Elec. : .       Clarity    : .   (no cloak)
Sust.Abil.: . .     Spirit.Shd : .   (no gloves)
Res.Mut.  : .       Stasis     : .   (no barding)
Res.Rott. : .       Flight     : .   (no amulet)
Saprovore : . . .                    (no ring)
                                     (no ring)

@: short of breath, very slow, slightly resistant to hostile enchantments,
stealthy
A: spit poison, see invisible, deformed body, poison resistance, slowness 2, AC
+1
a: Spit Poison


You were on level 4 of the Dungeon.
You were hungry.

You visited 1 branch of the dungeon, and saw 4 of its levels.

You collected 190 gold pieces.

Inventory:

Hand weapons
 k - a +2,+1 elven short sword (weapon)
Armour
 a - a +0 robe (worn)
Comestibles
 c - 2 bread rations
 g - a chunk of rat flesh
 n - a pear
 r - a meat ration
Scrolls
 e - 2 scrolls of blinking
 f - a scroll of amnesia
 m - 2 scrolls of enchant armour {unknown}
 s - a scroll of remove curse
Potions
 d - 2 potions of restore abilities
 h - 2 potions of curing
 i - 3 potions of brilliance
 j - a potion of mutation {unknown}
 l - 2 potions of magic {unknown}
 q - a potion of slowing {unknown}
Books
 b - a book of Frost

   Spells                             Type                      Level
   *Freeze                            Ice                          1
   Throw Frost                        Conjuration/Ice              2
   Ozocubu's Armour                   Charms/Ice                   3
   Throw Icicle                       Conjuration/Ice              4
   Summon Ice Beast                   Ice/Summoning                4
   Condensation Shield                Ice                          4
 t - a book of the Tempests

   Spells                             Type                      Level
   Static Discharge                   Conjuration/Air              3
   Lightning Bolt                     Conjuration/Air              5
   Fireball                           Conjuration/Fire             5
   Tornado                            Air                          9
   Shatter                            Earth                        9


   Skills:
 + Level 2.4 Dodging
 + Level 3.7 Stealth
 + Level 0.2 Unarmed Combat
 + Level 2.3 Spellcasting
   Level 1.0 Conjurations
 + Level 4.4 Ice Magic


You had 7 spell levels left.
You knew the following spells:

 Your Spells              Type           Power        Failure   Level  Hunger
a - Freeze                Ice            ###.         4%          1    #......


Dungeon Overview and Level Annotations

Branches:
Dungeon (4/27)
 Temple: D:4-7

Altars:
Cheibriados
Fedhas
Kikubaaqudgha

Annotations:
D:4 wvc's ghost, average KoBe


Innate Abilities, Weirdness & Mutations

You cannot wear boots.
You can spit poison.
Your serpentine skin is tough (AC +1).
You have supernaturally acute eyesight.
Armour fits poorly on your strangely shaped body.
Your system is resistant to poisons.
You cover ground very slowly.


Message History

Press: ? - help, Shift-Dir - straight line, f/p - wvc's ghost
Aim: wvc's ghost (severely damaged)
You freeze wvc's ghost.
Wvc's ghost is severely damaged.
Casting: Freeze
Confirm with . or Enter, or press ? or * to list all spells.
Aiming: Freeze
Press: ? - help, Shift-Dir - straight line, f/p - wvc's ghost
Aim: wvc's ghost (severely damaged)
You freeze wvc's ghost.
Wvc's ghost is almost destroyed.
Wvc's ghost hits you but does no damage.
You aren't carrying any items that can be evoked.
Use which ability? (? or * to list)
Press: ? - help, Shift-Dir - straight line, f/p - wvc's ghost
Aim: wvc's ghost (almost destroyed)
The splash of poison hits wvc's ghost.
Wvc's ghost completely resists.
Wvc's ghost is almost destroyed.
You feel slightly more hungry. Wvc's ghost hits you!
You die...

### #.# #<#
#.#
#.##########
#(.........#
.##########.#
#......p.#
#.# #@# #.#
#.# #.# #.#
#.# #.###.#
#.....#
#######


You could see wvc's ghost.

Vanquished Creatures
  The ghost of Malachi the Vexing, an average DsEn (D:3)
  2 adders (D:3)
  A ball python (D:3)
  2 giant cockroaches
  10 goblins
  6 hobgoblins
  7 jackals
  11 kobolds
  A quokka (D:2)
  5 bats
  2 giant geckos
  A giant newt (D:1)
  6 rats
55 creatures vanquished.

Notes
Turn   | Place    | Note
--------------------------------------------------------------
     0 | D:1      | Malachi, the Naga Ice Elementalist, began the quest for the Orb.
     0 | D:1      | Reached XP level 1. HP: 15/15 MP: 3/3
   392 | D:1      | Reached XP level 2. HP: 19/22 MP: 4/4
   826 | D:1      | Reached XP level 3. HP: 22/28 MP: 3/5
   990 | D:2      | Found a blossoming altar of Fedhas.
  1374 | D:2      | Found an ancient bone altar of Kikubaaqudgha.
  1979 | D:3      | Reached XP level 4. HP: 32/36 MP: 3/7
  2110 | D:3      | Found a snail-covered altar of Cheibriados.
  2505 | D:3      | Noticed Malachi's ghost (average DsEn)
  2515 | D:3      | Killed Malachi's ghost
  2515 | D:3      | Reached skill level 4 in Ice Magic
  2515 | D:3      | Reached XP level 5. HP: 31/42 MP: 1/9
  2666 | D:4      | Noticed wvc's ghost (average KoBe)
  2676 | D:4      | Slain by wvc's ghost

Action                   |  1- 3 |  4- 6 || total
-------------------------+-------+-------++-------
Melee: Unarmed           |    20 |       ||    20
       Short sword       |    12 |     2 ||    14
 Cast: Freeze            |    42 |    24 ||    66
 Abil: Spit Poison       |    38 |     2 ||    40
  Use: Scroll            |     5 |     6 ||    11
